 Dungeon Crawl Stone Soup version 0.24-a0-358-g53aee78 (webtiles) character file.

Game seed: 11513653775187215406

23587 MatthieuS the Grappler (level 12, -11/118 HPs)
             Began as a Troll Transmuter on May 25, 2019.
             Was an Elder of Makhleb.
             Mangled by a death yak (23 damage)
             ... on level 5 of the Lair of Beasts.
             The game lasted 00:29:58 (14384 turns).

MatthieuS the Grappler (Troll Transmuter)          Turns: 14384, Time: 00:29:58

Health: -11/118    AC: 10    Str: 21    XL:     12   Next: 73%
Magic:  27/27      EV: 13    Int: 13    God:    Makhleb [****..]
Gold:   214        SH: 16    Dex: 13    Spells: 4/21 levels left

rFire    + + .     SeeInvis .     - Unarmed
rCold    + + .     Gourm    +   d - +2 shield of Resistance {rF+ rC+ MR+}
rNeg     . . .     Faith    .   F - +2 robe {rC+ rF+}
rPois    .         Spirit   .   I - +0 hat
rElec    .         Reflect  +   r - +1 cloak
rCorr    .         Harm     .   (gloves unavailable)
MR       +....                  (boots unavailable)
Stlth    +.........             A - +3 amulet of reflection
HPRegen  0.69/turn              y - ring of magical power
MPRegen  0.20/turn              l - +3 ring of dexterity

@: no status effects
A: large, unfitting armour, claws 3, fast metabolism 3, gourmand, regeneration
1, shaggy fur 1, tough skin 3
a: Minor Destruction, Lesser Servant of Makhleb, Major Destruction, Renounce
Religion


You were on level 5 of the Lair of Beasts.
You worshipped Makhleb.
Makhleb was greatly pleased with you.
You were very full.

You visited 3 branches of the dungeon, and saw 15 of its levels.

You collected 861 gold pieces.
You spent 647 gold pieces at shops.

Inventory:

Hand Weapons
 a - a +0 morningstar of crushing
   (You found it on level 4 of the Dungeon)
 q - a +0 morningstar of freezing
   (You took it off an orc priest on level 8 of the Dungeon)
Missiles
 g - 4 throwing nets {!f}
 z - 47 poisoned darts
 B - 153 arrows
 L - 2 curare-tipped darts (quivered) {!f}
Armour
 d - the +2 shield of Resistance (worn) {rF+ rC+ MR+}
   (You acquired it on level 2 of the Lair of Beasts)

   It protects you from fire.
   It protects you from cold.
   It affects your resistance to hostile enchantments.
 r - a +1 cloak (worn)
   (You found it on level 3 of the Dungeon)
 F - a +2 robe of resistance (worn)
   (You bought it in a shop on level 5 of the Dungeon)
 I - a +0 hat (worn)
   (You took it off Gastronok on level 9 of the Dungeon)
Magical Staves
 b - an uncursed staff of power {!a}
   (You found it on level 4 of the Lair of Beasts)
Jewellery
 l - a +3 ring of dexterity (right claw)
   (You found it on level 1 of the Dungeon)
 y - a ring of magical power (left claw)
   (You found it on level 7 of the Dungeon)
 A - a +3 amulet of reflection (around neck)
   (You found it on level 7 of the Dungeon)
Wands
 c - a wand of disintegration (15)
   (You found it on level 8 of the Dungeon)
 t - a wand of flame (28)
   (You took it off Crazy Yiuf on level 6 of the Dungeon)
 J - a wand of enslavement (8)
   (You bought it in a shop on level 9 of the Dungeon)
 N - a wand of scattershot (5)
   (You found it on level 1 of the Lair of Beasts)
Scrolls
 h - 3 scrolls of enchant weapon
 k - a scroll of blinking
 n - 6 scrolls of teleportation {@r4}
 o - 3 scrolls of magic mapping
 C - 9 scrolls of remove curse {@r2}
 D - 3 scrolls of enchant armour
 G - a scroll of silence
 K - 4 scrolls of amnesia
 M - a scroll of summoning
 O - a scroll of fear
 P - a scroll of identify {@r1}
Potions
 f - 2 potions of might {unknown}
 i - 5 potions of flight
 j - 3 potions of curing {@q1}
 m - 2 potions of cancellation {unknown}
 p - 6 potions of lignification {!q}
 s - 5 potions of heal wounds {@q2}
 u - a potion of mutation {!q}
 v - 3 potions of brilliance
 w - 2 potions of haste {@q3}
 x - a potion of degeneration {unknown}
 E - a potion of agility {unknown}
 H - a potion of magic {unknown}
Comestibles
 e - 25 rations


   Skills:
 - Level 7.4 Fighting
 - Level 7.6 Dodging
 + Level 8.1 Shields
 - Level 9.4 Unarmed Combat
 - Level 5.2 Spellcasting
 - Level 6.9 Transmutations
 - Level 2.1 Invocations


You had 4 spell levels left.
You knew the following spells:

 Your Spells              Type           Power        Failure   Level  Hunger
a - Beastly Appendage     Tmut           ###...       1%          1    None
b - Sticks to Snakes      Tmut           ###.....     1%          2    ##.....
c - Ice Form              Ice/Tmut       ##......     45%         4    ####...
d - Blade Hands           Tmut           ###.......   34%         5    ######.
x - Spider Form           Tmut/Pois      ##........   16%         3    ###....
A - Shroud of Golubria    Chrm/Tloc      #.........   32%         2    ##.....

Your spell library contained the following spells:

 Spells                   Type           Power        Failure   Level  Hunger
 Infusion                 Chrm           #...         22%         1    None
 Magic Dart               Conj           #...         22%         1    None
 Searing Ray              Conj           #.....       32%         2    ##.....
 Song of Slaying          Chrm           #.......     32%         2    ##.....
 Dazzling Spray           Conj/Hex       #.....       54%         3    ###....
 Regeneration             Chrm/Necr      #.........   54%         3    ###....
 Spectral Weapon          Hex/Chrm       #.......     54%         3    ###....
 Force Lance              Conj/Tloc      #.......     91%         4    ####...
 Fulminant Prism          Conj/Hex       #.........   91%         4    ####...
 Iskenderun's Mystic Bla  Conj           #.......     91%         4    ####...


Dungeon Overview and Level Annotations

Branches:
Dungeon (9/15)             Temple (1/1) D:6            Lair (5/6) D:9
  Swamp (0/4) Lair:3       Spider (0/4) Lair:4
  Slime: Lair:5-6       Orc: D:9-12

Altars:
Ashenzari
Cheibriados
Dithmenos
Elyvilon
Fedhas
Gozag
Hepliaklqana
Kikubaaqudgha
Makhleb
Nemelex Xobeh
Okawaru
Qazlal
Ru
Sif Muna
Trog
Uskayaw
Vehumet
Wu Jian
Xom
Yredelemnul
Zin
The Shining One
Jiyva

Shops:
D:5 [   D:9 }

Annotations:
D:4 1 runed translucent door, justbritto's ghost, novice KoHu
D:8 1 runed translucent door
Lair:2 3 runed translucent doors, Itwaoref's ghost, journeyman MfFi


Innate Abilities, Weirdness & Mutations

You are too large for most types of armour.
You have claws for hands.
Your metabolism is lightning-fast.
You like to eat raw meat.
Your natural rate of healing is unusually fast.
You are covered in fur. (AC +1)
You have extremely tough skin. (AC +3)


Message History

The death yak gores you!
The death yak bellows!
You scratch the death yak.
The death yak gores you but does no damage.
You claw the death yak! You block the death yak's attack.
Casting: Sticks to Snakes (safe; 1% risk of failure)
You create a snake!
You now have 153 arrows.
You claw the death yak! The death yak gores you!!
You claw the death yak!
Your adder bites the death yak.
You block the death yak's attack.
You claw the death yak! The death yak gores you!!
Your adder bites the death yak but does no damage.
You claw the death yak! The death yak gores you.
The death yak barely misses you.
Your adder bites the death yak but does no damage.
You claw the death yak!
Your adder bites the death yak.
The death yak is poisoned.
Your adder poisons the death yak!
You block the death yak's attack. The death yak gores you!!
* * * LOW HITPOINT WARNING * * *
The death yak gores you!
* * * LOW HITPOINT WARNING * * *
You scratch the death yak but do no damage.
Your adder barely misses the death yak.
You block the death yak's attack. The death yak barely misses you. x2
You scratch the death yak.
Your adder bites the death yak but does no damage.
You block the death yak's attack. The death yak completely misses you.
The death yak gores your adder!!
Your adder dies!
You scratch the plant but do no damage. The death yak gores you!
* * * LOW HITPOINT WARNING * * *
The death yak looks more healthy.
You scratch the death yak but do no damage.
The death yak misses you.
You barely miss the death yak. You block the death yak's attack.
You scratch the death yak but do no damage.
The death yak gores the plant!
You claw the death yak! You claw the death yak!
The death yak completely misses you.
You barely miss the death yak. You claw the death yak!
You block the death yak's attack.
You scratch the death yak but do no damage.
The death yak gores you but does no damage.
You scratch the death yak but do no damage.
The death yak closely misses you.
You barely miss the death yak. The death yak gores you!!
* * * LOW HITPOINT WARNING * * *
You barely miss the death yak. The death yak gores you!!
You die...

#......#...........#PPP#
.#.....#.........P## #
..................#....#####
.>..............##....#....##.
................###...........#
..........##..[.# #P.........##
..........###...###....#P.P##.#
.........###.....##....##### #
.<.......P###...@###...#
..........####..#Y.#...#
P.##......P##....YP...P###
.#####......#............# ##
#...................... #
#.............P......... .P..
##รท.##P#....##..........
..........###.....#..........
#####....## ##...###.........


You could see 2 death yaks.

Vanquished Creatures
  A hydra (Lair:2)
  A two-headed ogre (D:9)
  Harold (D:8)
  A death yak (Lair:5)
  Pikel (D:5)
  2 oklob plants (Lair:1)
  9 elephants (Lair:3)
  2 black mambas
  4 spiny frogs
  3 rime drakes
  A komodo dragon (Lair:1)
  2 wandering mushrooms (Lair:1)
  4 jumping spiders (Lair:4)
  Grinder (D:5)
  2 hippogriffs
  Prince Ribbit (D:5)
  6 spriggans (Lair:1)
  Sigmund (D:4)
  A redback (Lair:4)
  A wyvern (Lair:4)
  5 vampire mosquitoes (Lair:3)
  Edmund (D:4)
  Menkaure (D:4)
  A floating eye (Lair:1)
  6 water moccasins
  8 porcupines
  A hornet zombie (D:8)
  A slave (D:5)
  An ice beast (D:6)
  3 sky beasts
  A black bear (D:8)
  2 phantoms
  A centaur (D:6)
  11 wolves (Lair:2)
  8 ogres
  8 crocodiles
  2 big kobolds
  13 bullfrogs
  4 scorpions
  6 killer bees (D:9)
  8 wights (D:8)
  2 electric eels (Lair:3)
  5 howler monkeys
  4 crimson imps
  A bullfrog zombie (D:6)
  2 jellies
  5 orc priests
  A bullfrog skeleton (D:9)
  4 hounds
  Crazy Yiuf (D:6)
  2 centaur skeletons
  Jessica (D:3)
  Natasha (twice) (D:4)
  3 iguanas
  5 orc wizards
  9 worker ants
  2 killer bee zombies (D:9)
  2 hound zombies
  A hound skeleton (D:5)
  A worker ant zombie (D:5)
  Robin (D:3)
  7 gnolls
  12 adders
  2 shadow imps
  An adder skeleton (D:7)
  2 worms
  3 dart slugs (D:1)
  10 leopard geckos
  15 orcs
  3 ball pythons
  8 giant cockroaches
  15 goblins
  12 hobgoblins
  18 jackals
  8 kobolds
  2 quokkas
  10 bats
  7 frilled lizards
  2 leopard gecko skeletons
  A leopard gecko zombie (D:9)
  2 quokka skeletons
  7 rats
  A plant (Lair:1)
339 creatures vanquished.

Vanquished Creatures (collateral kills)
  Gastronok (D:9)
  A hydra (Lair:5)
  A jumping spider (Lair:4)
  A crocodile (Lair:5)
  A howler monkey (D:7)
  An adder zombie (D:5)
6 creatures vanquished.

Vanquished Creatures (others)
  A kobold (D:8)
  A bush (Lair:1)
  3 fungi
  2 plants (Lair:1)
  2 withered plants (D:4)
9 creatures vanquished.

Grand Total: 354 creatures vanquished

Notes
Turn   | Place    | Note
-------+----------+-------------------------------------------
     0 | D:1      | MatthieuS the Troll Transmuter began the quest for the Orb.
     0 | D:1      | Reached XP level 1. HP: 18/18 MP: 1/1
    55 | D:1      | Reached skill level 1 in Fighting
    60 | D:1      | Reached XP level 2. HP: 18/27 MP: 3/3
   279 | D:1      | Reached XP level 3. HP: 28/33 MP: 4/4
  1170 | D:2      | Reached XP level 4. HP: 16/41 MP: 5/5
  1188 | D:2      | HP: 2/41 [poisoned by a worker ant]
  1194 | D:2      | HP: 2/41 [poisoned by a worker ant]
  1653 | D:1      | Learned a level 2 spell: Sticks to Snakes
  1657 | D:1      | Learned a level 3 spell: Spider Form
  2052 | D:3      | Reached XP level 5. HP: 49/49 MP: 6/6
  2272 | D:3      | You fall into a shaft and drop 3 floors!
  2330 | D:6      | Noticed an ice beast
  2345 | D:6      | Killed an ice beast
  2345 | D:6      | Reached skill level 4 in Unarmed Combat
  2345 | D:6      | Reached XP level 6. HP: 41/58 MP: 8/8
  2523 | D:5      | Entered Level 5 of the Dungeon
  2573 | D:5      | Noticed Grinder
  2587 | D:5      | Noticed a sky beast
  2592 | D:5      | Killed Grinder
  2592 | D:5      | Reached XP level 7. HP: 51/66 MP: 3/9
  2741 | D:5      | Noticed Prince Ribbit
  2752 | D:5      | Killed Prince Ribbit
  2752 | D:5      | Reached skill level 5 in Unarmed Combat
  2960 | D:3      | Noticed Robin
  2980 | D:3      | Reached XP level 8. HP: 60/75 MP: 11/11
  2995 | D:3      | Killed Robin
  3568 | D:3      | Noticed Jessica
  3576 | D:3      | Killed Jessica
  3970 | D:4      | Learned a level 4 spell: Ice Form
  3976 | D:4      | Noticed Edmund
  3990 | D:4      | Killed Edmund
  4175 | D:4      | Found a runed translucent door.
  4183 | D:4      | Noticed justbritto's ghost (novice KoHu)
  4222 | D:4      | Noticed Sigmund
  4235 | D:4      | Killed Sigmund
  4448 | D:4      | Noticed Menkaure
  4455 | D:4      | Killed Menkaure
  4498 | D:4      | Noticed Natasha
  4504 | D:4      | Killed Natasha
  4720 | D:4      | Noticed Natasha
  4724 | D:4      | Killed Natasha
  4847 | D:5      | Reached skill level 6 in Unarmed Combat
  4883 | D:5      | Reached XP level 9. HP: 79/85 MP: 13/13
  4925 | D:5      | Found Ditiz's Armour Emporium.
  5089 | D:5      | Noticed Pikel
  5100 | D:5      | Killed Pikel
  5311 | D:5      | Reached skill level 5 in Dodging
  5363 | D:6      | Found a runed translucent door.
  5364 | D:6      | Noticed Crazy Yiuf
  5462 | D:6      | Found a staircase to the Ecumenical Temple.
  5489 | Temple   | Entered the Ecumenical Temple
  5535 | Temple   | Became a worshipper of Makhleb the Destroyer
  5649 | D:6      | Found a shattered altar of Ashenzari.
  6053 | D:6      | Killed Crazy Yiuf
  6170 | D:7      | Reached skill level 5 in Fighting
  6207 | D:7      | Found a deep blue altar of Sif Muna.
  6432 | D:7      | Reached * piety under Makhleb
  6981 | D:8      | Reached skill level 7 in Unarmed Combat
  7002 | D:8      | Reached skill level 5 in Transmutations
  7177 | D:8      | Noticed Harold
  7192 | D:8      | Killed Harold
  7192 | D:8      | Reached XP level 10. HP: 73/97 MP: 15/15
  7736 | D:8      | Found a runed translucent door.
  7756 | D:8      | Found a basalt altar of Yredelemnul.
  8100 | D:9      | Found a staircase to the Lair.
  8213 | D:9      | Reached ** piety under Makhleb
  8336 | D:9      | Found Xixir's Gadget Boutique.
  8344 | D:9      | Bought a wand of enslavement (10) for 120 gold pieces
  8438 | D:9      | Noticed Gastronok
  8439 | D:9      | Noticed a two-headed ogre
  8451 | D:9      | Killed Gastronok
  8451 | D:9      | Reached skill level 8 in Unarmed Combat
  8470 | D:9      | Killed a two-headed ogre
  8505 | D:9      | Reached XP level 11. HP: 107/107 MP: 17/17
  8517 | D:9      | Reached skill level 5 in Spellcasting
  8539 | D:9      | Learned a level 5 spell: Blade Hands
  9118 | Lair:1   | Entered Level 1 of the Lair of Beasts
  9118 | Lair:1   | Noticed an oklob plant
  9118 | Lair:1   | Noticed an oklob plant
  9130 | Lair:1   | Paralysed by a floating eye for 3 turns
  9278 | Lair:1   | Noticed an oklob plant
  9311 | Lair:1   | Killed an oklob plant
 10071 | Lair:1   | Learned a level 2 spell: Shroud of Golubria
 10182 | Lair:1   | Noticed an oklob plant
 10187 | Lair:1   | an oklob plant changed into a wandering mushroom
 10231 | Lair:1   | an oklob plant changed into a wandering mushroom
 10338 | Lair:1   | Killed an oklob plant
 10338 | Lair:1   | Reached skill level 9 in Unarmed Combat
 10711 | Lair:2   | Reached *** piety under Makhleb
 10841 | Lair:2   | Found a runed translucent gate.
 10842 | Lair:2   | Found a runed translucent gate.
 10842 | Lair:2   | Noticed a four-headed hydra
 10853 | Lair:2   | Killed a four-headed hydra
 10859 | Lair:2   | Found a runed translucent gate.
 10861 | Lair:2   | Noticed Itwaoref's ghost (journeyman MfFi)
 10872 | Lair:2   | Reached skill level 1 in Invocations
 11385 | Lair:2   | Found a viscous altar of Jiyva.
 11462 | Lair:2   | Identified a scroll of acquirement
 11475 | Lair:2   | Found the +2 shield of Resistance {rF+ rC+ MR+}
 11621 | D:5      | Bought a +2 robe of resistance for 527 gold pieces
 11821 | Lair:3   | Reached skill level 1 in Shields
 11821 | Lair:3   | Reached XP level 12. HP: 52/118 MP: 18/18
 12271 | Lair:3   | Reached skill level 5 in Shields
 12451 | Lair:3   | Found a staircase to the Swamp.
 12723 | Lair:3   | Reached **** piety under Makhleb
 13398 | Lair:4   | Found a hole to the Spider Nest.
 14065 | Lair:5   | Noticed a seven-headed hydra
 14077 | Lair:5   | Killed a seven-headed hydra
 14327 | Lair:5   | Noticed a death yak
 14327 | Lair:5   | Noticed a death yak
 14354 | Lair:5   | Killed a death yak
 14354 | Lair:5   | Noticed a death yak
 14359 | Lair:5   | Noticed a death yak
 14384 | Lair:5   | Mangled by a death yak

Levels and vault maps discovered:
D:1:      lightli_arrival_windingriver, layout_basic
D:2:      layout_loops_cross, serial_co_window_serial, co_window_paths_a,
          co_window_corner_a, co_window_corner_a, co_window_paths_b,
          co_window_paths_a, co_window_of_opportunity_a, co_window_corner_a,
          co_window_corner_a, co_window_paths_b, co_window_of_opportunity_c,
          co_window_corner_b, co_window_corner_cb, co_window_4corner_a,
          co_window_paths_e, glass_columns_a, glass_columns_a, glass_columns_b,
          glass_columns_a, glass_columns_a, first_ration
D:3:      layout_basic, uniq_robin, uniq_jessica
D:4:      layout_loops_ring, gammafunk_ghost_grave, uniq_sigmund, uniq_edmund,
          uniq_menkaure, uniq_natasha
D:5:      layout_basic, serial_shops, shop, uniq_pikel, uniq_grinder,
          uniq_prince_ribbit1
D:6:      layout_cave_pods, nicolae_overflow_hidden_temple,
          minmay_temple_entry_proselytizer, uniq_crazy_yiuf_cottage
D:7:      layout_layer_cave, basic_altar
D:8:      layout_loops_ring, dk_yredelemnul_ordeal, uniq_harold
D:9:      layout_cave_pods, lair_entry_dummy, serial_shops, shop_statue,
          uniq_gastronok
Temple:   grunt_wide_crystal_templ
Lair:1:   kb_forest_paths, layout_chaotic_city, disabler_island,
          serial_bayou_shore_b, minmay_lair_oklob_chamber
Lair:2:   layout_gridlike, gammafunk_ghost_ooze, infiniplex_staircase_pool,
          lemuel_fruit_tree
Lair:3:   layout_roguey, minmay_swamp_entry_swarm, infiniplex_staircase_pool_2,
          serial_bayou_shore_a, lemuel_fruit_fields
Lair:4:   layout_small_grid, nicolae_spider_entry_tight_spaces,
          lemuel_fruit_fields, lemuel_fruit_fields
Lair:5:   layout_small_grid, lemuel_centaur_altar, uniq_urug

Skill      XL: |  1  2  3  4  5  6  7  8  9 10 11 12 |
---------------+-------------------------------------+-----
Fighting       | 1 2 3 4 5 6 7 |  7.4
Dodging        | 2 3 4 5 6 7 |  7.6
Transmutations | 2 3 4 5 6 |  6.9
Spellcasting   | 2 3 4 5 |  5.2
Unarmed Combat | 4 5 6 7 8 9 |  9.4
Invocations    | 2 |  2.1
Shields        | 1 8 |  8.1

Action                   |  1- 3 |  4- 6 |  7- 9 | 10-12 || total
-------------------------+-------+-------+-------+-------++-------
Melee: Unarmed           |    96 |   114 |   438 |   683 ||  1331
       Punch             |     1 |     2 |    12 |    21 ||    36
       Kick              |     1 |     1 |     3 |    13 ||    18
       Headbutt          |       |     3 |       |    11 ||    14
       Morningstar       |       |       |       |     7 ||     7
Throw: Dart              |       |       |       |     1 ||     1
 Cast: Beastly Appendage |     1 |     4 |     1 |    12 ||    18
       Sticks to Snakes  |       |     2 |     3 |    16 ||    21
       Spider Form       |       |       |     2 |       ||     2
Invok: Lesser Servant of |       |       |       |     1 ||     1
 Abil: End Transformatio |       |       |     1 |       ||     1
Evoke: Wand              |       |       |       |    36 ||    36
       Phantom mirror    |       |       |       |     1 ||     1
  Use: Potion            |       |       |     3 |     3 ||     6
       Scroll            |       |       |     9 |    14 ||    23
 Stab: Sleeping          |       |       |       |     2 ||     2
       Distracted        |       |       |       |     1 ||     1
  Eat: Chunk             |    16 |    13 |    43 |    59 ||   131
       Ration            |       |       |       |     2 ||     2
Armor: Robe              |    60 |    55 |   113 |   168 ||   396
       Skin              |       |       |     6 |     1 ||     7
Dodge: Dodged            |    72 |    68 |   212 |   368 ||   720
Block: Other             |       |       |     2 |    60 ||    62
       Reflection        |       |       |       |     1 ||     1
       Shield            |       |       |       |   176 ||   176

Table legend:
 A = Non-vault XP
 B = Vault XP
 C = Vault XP percentage of total XP
 D = Non-vault monster count
 E = Vault monster count
 F = Vault count percentage of total count
                 A         B        C        D         E       F
            +---------+---------+-------+---------+---------+-------
      Total |   22189 |   11508 |  34.2 |     292 |      52 |  15.1
            +---------+---------+-------+---------+---------+-------
        D:1 |      63 |       0 |   0.0 |      31 |       0 |   0.0
        D:2 |     128 |       0 |   0.0 |      21 |       0 |   0.0
        D:3 |     245 |      73 |  23.0 |      25 |      13 |  34.2
        D:4 |     418 |     563 |  57.4 |      18 |       4 |  18.2
        D:5 |     897 |    1131 |  55.8 |      27 |       3 |  10.0
        D:6 |     514 |      81 |  13.6 |      12 |       2 |  14.3
        D:7 |     792 |       0 |   0.0 |      21 |       0 |   0.0
        D:8 |    1632 |     981 |  37.5 |      34 |       1 |   2.9
        D:9 |    2756 |    1160 |  29.6 |      38 |       1 |   2.6
     Lair:1 |     725 |    5053 |  87.5 |       7 |      17 |  70.8
     Lair:2 |    3949 |       0 |   0.0 |      21 |       0 |   0.0
     Lair:3 |    6740 |     893 |  11.7 |      24 |       5 |  17.2
     Lair:4 |    1022 |    1573 |  60.6 |       5 |       6 |  54.5
     Lair:5 |    2308 |       0 |   0.0 |       8 |       0 |   0.0
            +---------+---------+-------+---------+---------+-------
